 Dungeon Crawl Stone Soup version 0.27.1-34-g3ba077fa99 (webtiles) character file.

Game seed: 13853098369245168525

91 zeram the Covered (level 4, -2/29 HPs)
             Began as a Gargoyle Fighter on Jan 17, 2022.
             Slain by an ogre (31 damage)
             ... on level 4 of the Dungeon.
             The game lasted 00:03:01 (2195 turns).

zeram the Covered (Gargoyle Fighter)                Turns: 2195, Time: 00:03:02

Health: -2/29      AC: 10    Str: 21    XL:     4   Next: 57%
Magic:  4/4        EV: 11    Int:  8    God:
Gold:   99         SH:  9    Dex:  9    Spells: 3/3 levels left

rFire    . . .     SeeInvis .   a - +0 flail
rCold    . . .     Faith    .   c - +0 kite shield
rNeg     + . .     Spirit   .   b - +0 scale mail
rPois    ∞         Reflect  .   (no helmet)
rElec    +         Harm     .   (no cloak)
rCorr    .         Rampage  .   (no gloves)
Will     .....                  (no boots)
Stlth    ..........             (no amulet)
HPRegen  0.09/turn              i - +4 ring of evasion
MPRegen  0.09/turn              (no ring)

@: no status effects
A: sickness immunity, AC +3, negative energy resistance 1, electricity
resistance, torment resistance 1, petrification resistance
a: no special abilities


You were on level 4 of the Dungeon.
You visited 1 branch of the dungeon, and saw 4 of its levels.

You collected 141 gold pieces.
You spent 42 gold pieces at shops.

Inventory:

Hand Weapons
 a - a +0 flail (weapon)
Armour
 b - a +0 scale mail (worn)
 c - a +0 kite shield (worn)
Jewellery
 g - a ring of ice
 i - a +4 ring of evasion (left hand)
Scrolls
 e - 2 scrolls of teleportation
 h - a scroll of identify
 k - a scroll of magic mapping
 l - a scroll of fog {unknown}
Potions
 d - a potion of might
 f - a potion of lignification {unknown}
 j - 3 potions of degeneration
 m - a potion of heal wounds
 n - a potion of haste {unknown}


   Skills:
 + Level 3.9 Fighting
 + Level 3.0 Maces & Flails
 + Level 4.0 Armour
 + Level 0.2 Dodging
 + Level 3.8 Shields


You had 3 spell levels left.
You didn't know any spells.
Your spell library contained the following spells:

 Spells                   Type           Power      Damage    Failure   Level
 Animate Skeleton         Necr           0%         N/A       99%         1
 Apportation              Tloc           0%         N/A       99%         1
 Corona                   Hex            0%         N/A       99%         1
 Summon Small Mammal      Summ           0%         N/A       99%         1
 Static Discharge         Conj/Air       0%         N/A       100%        2
 Gell's Gravitas          Tloc           0%         N/A       100%        3
 Ozocubu's Armour         Ice            0%         N/A       100%        3
 Teleport Other           Tloc           0%         N/A       100%        3
 Lightning Bolt           Conj/Air       0%         1d11      100%        5
 Dispersal                Tloc           0%         N/A       100%        6
 Ozocubu's Refrigeration  Ice            0%         4d5       100%        7
 Maxwell's Capacitive Co  Air            0%         ∞         100%        8


Dungeon Overview and Level Annotations

Branches:
Dungeon (4/15)
 Temple: D:4-7

Altars:
Yredelemnul

Shops:
D:3 [?


Innate Abilities, Weirdness & Mutations

You are immune to sickness and miasma.
Your stone body is resilient. (AC +3)
You are immune to poison.
You resist negative energy. (rN+)
You are resistant to electric shocks. (rElec)
You are resistant to unholy torment.
You are immune to petrification.


Message History

No target in view!
No target in view!
No target in view!
No target in view!
An endoplasm comes into view.
The endoplasm quivers.
An endoplasm is nearby!
An endoplasm is nearby!
An endoplasm is nearby!
You block the endoplasm's attack.
You sock the endoplasm!
You kill the endoplasm!
No target in view!
No target in view!
No target in view!
No target in view!
No target in view!
No target in view!
No target in view!
No target in view!
No target in view!
No target in view!
Found a scroll of identify.
h - a scroll of identify An ogre comes into view.
It is wielding a +0 giant spiked club.
The ogre shouts!
An ogre is nearby!
An ogre is nearby!
An ogre is nearby!
You hit the ogre.
The ogre is lightly wounded.
The ogre barely misses you. You block the ogre's attack.
You thump the ogre!
The ogre is heavily wounded.
The ogre barely misses you.
You barely miss the ogre.
The ogre is heavily wounded.
The ogre hits you with a +0 giant spiked club!!
Ouch! That really hurt!
You die...

#########.#####.#
..............#..
..........###.#.#
###########...#..
#.....#.#
#.#.#.#.#
#.#...#.#
#.#####O#
#.....@.#
#########


You could see an ogre.

Vanquished Creatures
  Jessica (D:3)
  2 adders
  A dart slug (D:1)
  2 orcs
  3 ball pythons
  4 endoplasms
  6 giant cockroaches
  A goblin (D:1)
  4 hobgoblins
  3 kobolds (D:2)
  2 quokkas
  3 bats
  5 frilled lizards
  4 rats
41 creatures vanquished.

Notes
Turn   | Place    | Note
-------+----------+-------------------------------------------
     0 | D:1      | zeram the Gargoyle Fighter began the quest for the Orb.
     0 | D:1      | Reached XP level 1. HP: 14/14 MP: 1/1
   305 | D:1      | Reached XP level 2. HP: 14/19 MP: 2/2
   951 | D:2      | Reached XP level 3. HP: 24/24 MP: 3/3
  1112 | D:2      | Found a faded altar of an unknown god.
  1233 | D:2      | Found a basalt altar of Yredelemnul.
  1616 | D:3      | Reached XP level 4. HP: 29/29 MP: 4/4
  1844 | D:3      | Found Poweor's Antique Armour Shop.
  1880 | D:3      | Found Iruwiop's Magic Scroll Boutique.
  1894 | D:3      | Bought a scroll of magic mapping for 42 gold pieces
  1922 | D:3      | Noticed Jessica
  1932 | D:3      | Killed Jessica
  1933 | D:3      | Reached skill level 4 in Armour
  2192 | D:4      | Noticed an ogre
  2195 | D:4      | Slain by an ogre

Illustrated notes

Levels and vault maps discovered:
D:1:      dpeg_arrival_round_c, layout_rooms, minivault_26
D:2:      layout_basic, basic_altar,
          dreamdust_ecumenical_altar_angels_and_demons
D:3:      layout_basic, serial_shops, nicolae_shop_waterfront, shop,
          minmay_box_of_dots, uniq_jessica
D:4:      layout_basic, kennysheep_generic_room_5, uniq_duvessa

Skill      XL: |  1  2  3  4 |
---------------+-------------+-----
Maces & Flails | 3 |  3.0
Armour         | 4 |  4.0
Fighting       | |  3.9
Dodging        | |  0.2
Shields        | |  3.8

Action                   |  1- 3 |  4- 6 || total
-------------------------+-------+-------++-------
Melee: Flail             |    91 |    31 ||   122
  Use: Scroll            |     4 |     1 ||     5
Armor: Scale mail        |    56 |    14 ||    70
Dodge: Dodged            |    29 |    22 ||    51
Block: Kite shield       |    34 |    24 ||    58
